 Dungeon Crawl Stone Soup version 0.31-a0-765-g67fe2935dc (webtiles) character file.

Game seed: 9031093240963887342

34099 Maratek the Impaler (level 13, -1/92 HPs)
             Began as an Octopode Fighter on Sept 15, 2023.
             Was a High Priest of Fedhas.
             Slain by a skyshark (6 damage)
             ... on level 4 of the Lair of Beasts.
             The game lasted 00:30:21 (15724 turns).

Maratek the Impaler (Octopode Fighter)             Turns: 15724, Time: 00:30:22

Health: -1/92      AC:  2    Str: 27    XL:     13   Next: 75%
Magic:  13/13      EV: 19    Int: 15    God:    Fedhas [*****.]
Gold:   1020       SH:  0    Dex: 23    Spells: 12/12 levels left

rFire   + + .        D - +5 bardiche "Gag Ecot" {protect, rN+ Str+2 Dex+3}
rCold   + + .        (shield currently unavailable)
rNeg    + . .        E - +1 hat
rPois   +            e - amulet of the Noxious God {Faith Fragile rElec rC++ Slay+5}
rElec   +            o - +6 ring of dexterity
rCorr   +            k - ring of fire
SInv    +            q - +6 ring of dexterity
Will    +....        y - +6 ring of intelligence
Stlth   +++++++      m - ring of poison resistance
HPRegen 0.35/turn    C - ring of willpower
MPRegen 0.13/turn    G - ring of see invisible
                     (no ring)

%: faith
@: resistant
A: almost no armour, amphibious, 8 rings, camouflage 1, gelatinous body 1,
(nimble swimmer 1), tentacles, beak, clumsy 1, strong 1
a: Renounce Religion, Wall of Briars, Grow Ballistomycete, Overgrow, Grow Oklob


You were on level 4 of the Lair of Beasts.
You worshipped Fedhas.
Fedhas was extremely pleased with you.
You visited 4 branches of the dungeon, and saw 18 of its levels.

You collected 1100 gold pieces.
You spent 80 gold pieces at shops.

Inventory:

Hand Weapons
 D - the +5 bardiche "Gag Ecot" (weapon) {protect, rN+ Str+2 Dex+3}
   (You acquired it on level 11 of the Dungeon)

   Str+2:     It affects your strength (+2).
   Dex+3:     It affects your dexterity (+3).
   rN+:       It protects you from negative energy.
Armour
 E - a +1 hat (worn)
Jewellery
 e - the amulet of the Noxious God (around mantle) {Faith Fragile rElec rC++ Slay+5}
   (You found it on level 4 of the Dungeon)

   [amulet of faith]

   Faith:     It allows you to gain divine favour quickly.
   Slay+5:    It affects your accuracy & damage with ranged weapons and melee
   (+5).
   rC++:      It greatly protects you from cold.
   rElec:     It insulates you from electricity.
   Fragile:   It will be destroyed if unequipped.
 k - a ring of fire (right tentacle)
 m - a ring of poison resistance (on tentacle)
 o - a +6 ring of dexterity (left tentacle)
 q - a +6 ring of dexterity (on tentacle)
 y - a +6 ring of intelligence (on tentacle)
 C - a ring of willpower (on tentacle)
 G - a ring of see invisible (on tentacle)
Wands
 a - a wand of roots (5)
 h - a wand of flame (13)
 l - a wand of polymorph (5)
 z - a wand of light (11)
 A - a wand of digging (12)
Scrolls
 f - 3 scrolls of teleportation
 g - a scroll of poison
 i - 4 scrolls of fear
 j - a scroll of blinking
 n - 3 scrolls of fog
 r - a scroll of revelation
 u - 3 scrolls of identify
 B - 3 scrolls of amnesia
Potions
 b - 2 potions of haste
 c - 4 potions of might
 d - 5 potions of curing
 p - a potion of invisibility
 s - 2 potions of mutation
 v - a potion of lignification
 w - a potion of berserk rage {unknown}
 x - 3 potions of brilliance


   Skills:
 + Level 10.1 Fighting
 + Level 15.7 Polearms
 + Level 7.8 Dodging
 + Level 15.3 Stealth
 + Level 6.5 Shields
 + Level 0.6 Invocations


You had 12 spell levels left.
You didn't know any spells.
Your spell library contained the following spells:

 Spells                   Type           Power      Damage    Failure   Level
 Apportation              Tloc           0%         N/A       26%         1
 Necrotise                Necr           0%         1d4       26%         1
 Summon Small Mammal      Summ           0%         N/A       26%         1
 Ensorcelled Hibernation  Hex/Ice        0%         N/A       38%         2
 Jinxbite                 Hex            0%         N/A       38%         2
 Dazzling Flash           Conj/Hex       0%         N/A       63%         3
 Volatile Blastmotes      Fire/Tloc      0%         2d10      63%         3
 Anguish                  Hex/Necr       0%         N/A       95%         4
 Olgreb's Toxic Radiance  Pois           0%         N/A       95%         4
 Summon Forest            Summ/Tloc      0%         N/A       100%        5
 Summon Mana Viper        Hex/Summ       0%         N/A       100%        5
 Starburst                Conj/Fire      0%         6d3       100%        6
 Summon Cactus Giant      Summ           0%         N/A       100%        6
 Discord                  Hex            0%         N/A       100%        8
 Ignition                 Fire           0%         3d3       100%        8
 Maxwell's Capacitive Co  Air            0%         ∞         100%        8


Dungeon Overview and Level Annotations

Branches:
Dungeon (11/15)            Temple (1/1) D:7            Lair (5/5) D:11
 Shoals (0/4) Lair:3        Snake (0/4) Lair:2          Orc (1/2) D:10
  Slime: Lair:4-5

Altars:
Ashenzari
Cheibriados
Dithmenos
Elyvilon
Fedhas
Gozag
Hepliaklqana
Kikubaaqudgha
Makhleb
Nemelex Xobeh
Okawaru
Qazlal
Ru
Sif Muna
Trog
Uskayaw
Vehumet
Wu Jian
Xom
Yredelemnul
Zin
The Shining One

Shops:
D:3 !![

Portals:
Abyss: Lair:4

Annotations:
D:2 1 runed translucent door, Crazy Yiuf
D:4 1 runed translucent door, Flippered's ghost, amateur TrSh
D:5 2 transporters, WhatIsLove's ghost, amateur HOMo
Lair:4 2 transporters, Dutrue's ghost, journeyman MiBe


Innate Abilities, Weirdness & Mutations

You cannot wear most types of armour.
You are amphibious.
You can wear up to eight rings at the same time.
Your skin changes colour to match your surroundings (Stealth+).
Your rubbery body absorbs attacks. (AC +1, EV +1)
((You are camouflaged when in or above water. (Stealth+)))
You have tentacles for arms and can constrict up to eight enemies at once.
You have a beak for a mouth.
You are clumsy. (Dex -2)
Your muscles are strong. (Str +4, Int/Dex -1)


Message History

The skyshark misses you. The skyshark tail-slaps you. x2
You hit the skyshark.
The skyshark is heavily wounded.
The skyshark bites you!
The skyshark tastes blood and grows stronger!
The skyshark barely misses you. The skyshark tail-slaps you.
You hit the skyshark.
The skyshark is severely wounded.
The skyshark bites you!
The skyshark enters a blood-rage!
The skyshark closely misses you. The skyshark tail-slaps you.
The jelly barely misses you.
You slash the skyshark! You peck the skyshark.
You squeeze the skyshark, but do no damage.
The skyshark is severely wounded.
The skyshark misses you. The skyshark closely misses you.
The skyshark barely misses you. The jelly barely misses you.
The skyshark bites you!! The skyshark closely misses you.
The skyshark misses you. The jelly misses you. The skyshark bites you!
* * * LOW HITPOINT WARNING * * *
The skyshark misses you. The skyshark tail-slaps you.
* * * LOW HITPOINT WARNING * * *
The skyshark barely misses you. The skyshark tail-slaps you.
* * * LOW HITPOINT WARNING * * *
The skyshark misses you.
There is a stone staircase leading up, spattered with blood here.
The skyshark bites you but does no damage.
The skyshark completely misses you. x2
You climb upwards.
Level annotation: 2 transporters, Dutrue's ghost, journeyman MiBe
There is a stone staircase leading down here.
You feel protected. The skyshark barely misses you.
The skyshark completely misses you. The skyshark tail-slaps you!
* * * LOW HITPOINT WARNING * * *
The skyshark bites you.
* * * LOW HITPOINT WARNING * * *
The skyshark tail-slaps you.
You die...
Fedhas appreciates your contribution to the ecosystem.

..# #....#.##..# #P............
..# #.....##...###.............
..# ##...####...###............
..# #...# #...## #............
..## #...####.>.# #............
..P# #....###...# #............
..#### #.....#...P# #............
..#..###...P##P...###............
................@.##P............
...............l.................
............>....................
......................#####..##.#
.................####.# #..##.#
..................###.# #..###.
.................###P.# ##.####
.................# ##.# #..# #
.................# #.# #..###


You could see a skyshark (berserk).

Vanquished Creatures
  Gastronok (Lair:1)
  2 hydras
  A two-headed ogre (D:11)
  A boulder beetle (D:11)
  6 death yaks (Lair:4)
  Sonja (Lair:2)
  2 skysharks
  An orc sorcerer (Orc:1)
  5 elephants (Lair:4)
  6 black mambas
  2 cyclopes (D:11)
  Joseph (Lair:1)
  Maggie (D:7)
  4 cane toads
  2 rime drakes
  Psyche (D:9)
  9 komodo dragons
  A kobold demonologist (D:11)
  A tengu conjurer (D:11)
  2 trolls
  A polar bear (shapeshifter) (D:11)
  A polar bear (Lair:5)
  2 hornets (D:9)
  5 blink frogs (Lair:1)
  29 yaks
  A spriggan (Lair:1)
  4 shadows
  3 basilisks (Lair:1)
  A vampire (D:11)
  4 wyverns
  A water elemental (D:11)
  A wraith (D:9)
  6 vampire mosquitoes (D:10)
  Grum (D:11)
  A steam dragon (D:7)
  A warg (Orc:1)
  2 nagas (Lair:2)
  9 water moccasins
  7 orc warriors
  2 black bears
  3 ice beasts
  3 wolves
  4 centaurs
  2 ogres
  A phantom (D:7)
  7 kobold brigands
  5 bullfrogs
  A gnoll sergeant (D:7)
  3 scorpions
  7 wights (D:6)
  3 howler monkeys
  2 electric eels (D:11)
  5 hounds
  A gnoll bouda (D:6)
  A jelly (Lair:5)
  9 orc priests
  3 iguanas
  15 orc wizards
  9 gnolls
  7 adders
  2 white imps
  4 ufetubi (D:5)
  2 worms
  2 dart slugs
  57 orcs
  7 endoplasms
  4 giant cockroaches
  7 goblins
  2 hobgoblins
  6 jackals
  5 quokkas
  9 ball pythons
  8 bats
  2 frilled lizards
  35 kobolds
  A rat (D:3)
376 creatures vanquished.

Notes
Turn   | Place    | Note
-------+----------+-------------------------------------------
     0 | D:1      | Maratek the Octopode Fighter began the quest for the Orb.
     0 | D:1      | Reached XP level 1. HP: 16/16 MP: 1/1
   213 | D:1      | Reached XP level 2. HP: 21/21 MP: 2/2
   601 | D:2      | Reached XP level 3. HP: 24/26 MP: 3/3
   671 | D:2      | Reached skill level 1 in Stealth
   671 | D:2      | Reached XP level 4. HP: 13/31 MP: 4/4
  1672 | D:2      | Found a runed translucent door.
  1673 | D:2      | Noticed Crazy Yiuf
  1813 | D:3      | Reached XP level 5. HP: 32/36 MP: 5/5
  1841 | D:3      | Found Pephul's Distillery.
  1887 | D:3      | Found Ebepium's Antique Armour Shoppe.
  2048 | D:3      | Found Gyfireg's Distillery.
  2057 | D:3      | Bought a potion of heal wounds for 50 gold pieces
  2057 | D:3      | Bought a potion of curing for 30 gold pieces
  2204 | D:3      | Found a sacrificial altar of Ru.
  3110 | D:4      | Noticed an ogre
  3117 | D:4      | Killed an ogre
  3118 | D:4      | Reached XP level 6. HP: 30/43 MP: 6/6
  3173 | D:4      | Identified the amulet of the Noxious God {Faith Fragile
                  | rElec rC++ Slay+5}
  3231 | D:4      | Noticed an ice beast
  3250 | D:4      | Killed an ice beast
  3268 | D:4      | Reached XP level 7. HP: 44/47 MP: 7/7
  3362 | D:4      | Found a basalt altar of Yredelemnul.
  3412 | D:4      | Noticed Flippered's ghost (amateur TrSh)
  3415 | D:4      | Found a runed translucent door.
  3536 | D:4      | Gained mutation: You have a beak for a mouth. [potion of
                  | mutation]
  3536 | D:4      | Gained mutation: You are clumsy. (Dex -2) [potion of
                  | mutation]
  3536 | D:4      | Gained mutation: Your muscles are strong. (Str +4, Int/Dex
                  | -1) [potion of mutation]
  3548 | D:5      | Entered Level 5 of the Dungeon
  3553 | D:5      | Reached skill level 5 in Polearms
  3913 | D:5      | Noticed WhatIsLove's ghost (amateur HOMo)
  3921 | D:5      | Found a transporter.
  3923 | D:5      | Found a transporter.
  4018 | D:5      | Reached XP level 8. HP: 54/54 MP: 8/8
  4272 | D:6      | Reached skill level 5 in Stealth
  4618 | D:6      | Reached skill level 5 in Dodging
  4663 | D:6      | Reached skill level 5 in Fighting
  4709 | D:6      | Reached XP level 9. HP: 46/61 MP: 9/9
  5584 | D:7      | Found a staircase to the Ecumenical Temple.
  5621 | D:7      | Found an ornate altar of the Wu Jian Council.
  5671 | D:7      | Noticed Maggie
  5680 | D:7      | Killed Maggie
  6091 | Temple   | Entered the Ecumenical Temple
  6196 | Temple   | Became a worshipper of Fedhas Madash
  6233 | D:8      | Reached XP level 10. HP: 68/68 MP: 10/10
  6242 | D:8      | Reached skill level 10 in Polearms
  6360 | D:8      | Reached * piety under Fedhas
  6518 | D:8      | Found a bloodstained altar of Trog.
  6769 | D:9      | Noticed Psyche
  6776 | D:9      | Killed Psyche
  6777 | D:9      | Reached skill level 5 in Shields
  7152 | D:9      | Reached skill level 10 in Stealth
  7453 | D:9      | Found a hazy altar of Hepliaklqana.
  7746 | D:9      | Reached XP level 11. HP: 62/75 MP: 11/11
  7894 | D:10     | Entered Level 10 of the Dungeon
  8130 | D:10     | Reached ** piety under Fedhas
  8530 | D:10     | Found a staircase to the Orcish Mines.
  8597 | D:10     | Reached *** piety under Fedhas
  8765 | D:10     | Found an iron altar of Okawaru.
  8935 | Orc:1    | Entered Level 1 of the Orcish Mines
  9052 | Orc:1    | Noticed an orc sorcerer
  9075 | Orc:1    | Noticed a sixfirhy
  9100 | Orc:1    | Paralysed by an orc sorcerer for 4 turns
  9114 | Orc:1    | Killed an orc sorcerer
  9472 | D:11     | Noticed Grum
  9481 | D:11     | Noticed a cyclops
  9484 | D:11     | Killed Grum
  9495 | D:11     | Killed a cyclops
  9635 | D:11     | Reached **** piety under Fedhas
  9707 | D:11     | Noticed a cyclops
  9715 | D:11     | Killed a cyclops
  9784 | D:11     | Reached XP level 12. HP: 83/83 MP: 12/12
  9925 | D:11     | Found a staircase to the Lair.
  9927 | D:11     | Noticed a two-headed ogre
  9935 | D:11     | Killed a two-headed ogre
  9972 | D:11     | Noticed a boulder beetle
  9993 | D:11     | Killed a boulder beetle
 10233 | D:11     | Identified a scroll of acquirement
 10233 | D:11     | Acquired the +5 bardiche "Gag Ecot" {protect, rN+ Str+2
                  | Dex+3}
 10372 | Lair:1   | Entered Level 1 of the Lair of Beasts
 10519 | Lair:1   | Reached ***** piety under Fedhas
 10669 | Lair:1   | Noticed Gastronok
 10677 | Lair:1   | Killed Gastronok
 10897 | Lair:1   | Noticed Joseph
 10904 | Lair:1   | Killed Joseph
 11070 | Lair:1   | Found the +0 toga "Victory" {*Victory Clar}
 11739 | Lair:2   | Noticed a six-headed hydra
 11745 | Lair:2   | Killed a seven-headed hydra
 11831 | Lair:2   | Reached XP level 13. HP: 74/90 MP: 13/13
 12019 | Lair:2   | Found a staircase to the Snake Pit.
 12108 | Lair:2   | Noticed Sonja
 12112 | Lair:2   | Killed Sonja
 12655 | Lair:3   | Found a staircase to the Shoals.
 12701 | Lair:3   | Reached skill level 15 in Stealth
 13789 | Lair:3   | Reached skill level 15 in Polearms
 14108 | Lair:4   | HP: 1/92 [death yak (19)]
 14632 | Lair:4   | Found a one-way gate to the infinite horrors of the Abyss.
 14632 | Lair:4   | Noticed Dutrue's ghost (journeyman MiBe)
 14638 | Lair:4   | Found a transporter.
 14768 | Lair:4   | Reached skill level 10 in Fighting
 15403 | Lair:4   | Found a transporter.
 15709 | Lair:5   | Entered Level 5 of the Lair of Beasts
 15724 | Lair:4   | Slain by a skyshark

Illustrated notes

Levels and vault maps discovered:
D:1:      ncdulo_lavacross, layout_rooms
D:2:      layout_basic, uniq_crazy_yiuf_cottage
D:3:      layout_basic, nicolae_ru_the_path_less_chosen, serial_shops,
          nicolae_shop_advertising_works [nicolae_subvault_shop_adworks],
          nicolae_shop_peninsula, nicolae_shop_stone, chequers_avenue,
          chequers_serial_rivers_small_3, dk_noncrumbling_2
D:4:      layout_rooms, lemuel_tele_altar, hellmonk_ghost_happy_afterlife
D:5:      layout_rooms, gammafunk_ghost_hive
D:6:      layout_basic
D:7:      layout_basic, kennysheep_mini_moat, temple_doors_e, st_stairs_8,
          uniq_maggie
D:8:      layout_rooms, bloody_trog
D:9:      layout_small_grid, general_overflow_altar, uniq_psyche
D:10:     layout_long_grid, okawaru_altar_gauntlet_db, david_orc_4
D:11:     wad_crossroads, layout_basic, uniq_grum
Temple:   regret_index_temple_sphere_string
Lair:1:   layout_cave_shapes, minivault_23, grunt_forest_large_clearing_hut,
          uniq_joseph, uniq_gastronok
Lair:2:   layout_cave_pods, guppyfry_snake_entry_garden, guppyfry_lair_drakes,
          grunt_megastairs_3, uniq_sonja
Lair:3:   layout_long_grid, shoals_dummy_entry, grunt_megastairs_1
Lair:4:   layout_long_grid, gammafunk_ghost_abyssal_escape, serial_bayou_pond_d,
          serial_bayou_crossing
Lair:5:   minmay_lair_end_enchanted_forest, layout_misc_corridors,
          minmay_slime_entry_pillars, serial_rivers,
          chequers_serial_rivers_micro_b, chequers_serial_rivers_micro_d,
          chequers_serial_rivers_room_a, chequers_serial_rivers_small_a,
          chequers_serial_rivers_room_b, chequers_serial_rivers_room_b
Orc:1:    layout_diamond_mine, basic_altar, nicolae_orc_stony_grotto

Skill      XL: |  1  2  3  4  5  6  7  8  9 10 11 12 13 |
---------------+----------------------------------------+-----
Stealth        | 1 2 3 4 6 8 10 12 14 15 | 15.3
Polearms       | 3 4 5 8 9 11 12 14 15 | 15.7
Dodging        | 4 5 6 7 |  7.8
Fighting       | 4 5 7 8 9 10 | 10.1
Shields        | 4 5 6 |  6.5
Invocations    | |  0.6

Action                     |  1- 3 |  4- 6 |  7- 9 | 10-12 | 13-15 || total
---------------------------+-------+-------+-------+-------+-------++-------
  Melee: Trident           |    57 |   112 |   228 |   333 |       ||   730
         Constrict         |    13 |    21 |    43 |    46 |     8 ||   131
         Tentacles         |     9 |    14 |    30 |    73 |    32 ||   158
         Punch             |       |     1 |     4 |     3 |       ||     8
         Peck              |       |       |    35 |    73 |    26 ||   134
         Bardiche          |       |       |       |    67 |   112 ||   179
 Invoke: Grow Ballistomyce |       |       |       |       |     1 ||     1
  Evoke: Wand              |       |       |       |     1 |       ||     1
    Use: Scroll            |       |    11 |     6 |     7 |     4 ||    28
         Potion            |       |       |     3 |     4 |     3 ||    10
   Stab: Sleeping          |     3 |     5 |    13 |    40 |     7 ||    68
         Distracted        |       |     1 |     3 |     1 |       ||     5
 Armour: Skin              |    22 |    36 |    68 |   124 |    97 ||   347
  Dodge: Dodged            |    39 |    85 |    93 |   186 |   131 ||   534
  Block: Buckler           |    11 |    24 |    36 |    62 |       ||   133

Table legend: (Time is in decaauts)
 A = Elapsed time spent in this place.
 B = Non-inter-level travel time spent in this place.
 C = Inter-level travel time spent in this place.
 D = Time resting spent in this place.
 E = Time spent auto-exploring this place.
 F = Levels seen in this place.
 G = Mean time per level.
                   A        B        C        D        E       F      G
               +--------+--------+--------+--------+--------+-----+--------+
         Total |  15699 |  15171 |    528 |   2932 |   9966 |  18 |  872.2 |
       Dungeon |  10000 |   9683 |    317 |   1444 |   6606 |  11 |  909.1 |
        Temple |    118 |      7 |    111 |      0 |      0 |   1 |  118.0 |
          Lair |   5385 |   5295 |     90 |   1488 |   3260 |   5 | 1077.0 |
  Orcish Mines |    195 |    185 |     10 |      0 |    100 |   1 |  195.0 |
               +--------+--------+--------+--------+--------+-----+--------+

Top non-repeatable levels by time:
  Lair:4: 1763 daAuts
  Lair:3: 1386 daAuts
     D:3: 1333 daAuts
  Lair:2: 1214 daAuts
     D:2: 1208 daAuts
    D:10: 1149 daAuts
     D:9: 1132 daAuts
    D:11: 1070 daAuts
     D:7: 1028 daAuts
  Lair:1: 1006 daAuts
     D:6: 801 daAuts
     D:5: 722 daAuts
     D:1: 578 daAuts
     D:8: 515 daAuts
     D:4: 460 daAuts
